 Dungeon Crawl Stone Soup version 0.27.1 (webtiles) character file.

Game seed: 6561054978047618835

3723 Malachi the Cruncher (level 10, -6/63 HPs)
             Began as a Djinni Fire Elementalist on Aug 21, 2021.
             Killed from afar by Harold (15 damage)
             ... with a harpoon shot
             ... on level 9 of the Dungeon.
             The game lasted 00:27:45 (13773 turns).

Malachi the Cruncher (Djinni Fire Elementalist)    Turns: 13773, Time: 00:27:46

Health: -6/63      AC: 12    Str:  7    XL:     10   Next: 36%
Gold:   1082       EV:  7    Int: 20    God:
                   SH:  0    Dex: 14

rFire    + + .     SeeInvis .   q - +6 lajatang (elec)
rCold    x . .     Faith    .   (shield currently unavailable)
rNeg     . . .     Spirit   .   j - +3 leather armour {Will+}
rPois    ∞         Reflect  .   (no helmet)
rElec    .         Harm     .   m - +0 cloak
rCorr    .         Rampage  .   v - +0 pair of gloves
Will     ++...                  (boots unavailable)
Stlth    ++........             (no amulet)
HPRegen  0.20/turn              i - +4 ring of protection
MPRegen  0.00/turn              (no ring)

@: marked, flying, held
A: sickness immunity, fire resistance 2, cold vulnerability 1, float, innate
caster, hp casting, extra vitality 1
a: no special abilities


You were on level 9 of the Dungeon.
You visited 1 branch of the dungeon, and saw 9 of its levels.
You also visited: Sewer.

You collected 1082 gold pieces.

Inventory:

Hand Weapons
 d - a +1 hunting sling
 o - a +0 dagger of venom
 q - a +6 lajatang of electrocution (weapon)
Missiles
 e - 46 poisoned darts (quivered)
 k - 254 stones
 s - 2 throwing nets
Armour
 j - a +3 leather armour of willpower (worn)
 m - a +0 cloak (worn)
 r - a scarf of shadows
 v - a +0 pair of gloves (worn)
Jewellery
 i - a +4 ring of protection (left hand)
Wands
 c - a wand of polymorph (7)
 p - a wand of flame (24)
 w - a wand of iceblast (4)
 A - a wand of charming (6)
Potions
 a - a potion of invisibility
 b - 2 potions of haste
 f - a potion of attraction {unknown}
 g - a potion of curing {unknown}
 h - 2 potions of heal wounds {unknown}
 l - a potion of might {unknown}
 t - a potion of cancellation {unknown}
 x - a potion of degeneration {unknown}


   Skills:
 - Level 1.5 Fighting
 * Level 9.3 Staves
 - Level 0.6 Throwing
 - Level 2.6 Armour
 - Level 4.4 Dodging
 - Level 3.0 Stealth
 + Level 0.1 Unarmed Combat
 - Level 6.6 Spellcasting


You couldn't memorise any spells.
You knew the following spells:

 Your Spells              Type           Power      Damage    Failure   Level
a - Foxfire               Conj/Fire      100%       2x1d9     1%          1
b - Conjure Flame         Conj/Fire      33%        6-21      2%          3
c - Inner Flame           Hex/Fire       33%        N/A       2%          3
d - Sticky Flame          Conj/Fire      33%        2d5       10%         4
e - Fireball              Conj/Fire      16%        3d8       26%         5
f - Animate Skeleton      Necr           66%        N/A       1%          1
g - Call Imp              Summ           33%        N/A       1%          2
h - Dazzling Flash        Conj/Hex       66%        N/A       2%          3
i - Animate Armour        Summ/Erth      66%        N/A       10%         4
Your spell library was empty.

Dungeon Overview and Level Annotations

Branches:
Dungeon (9/15)             Temple (0/1) D:5           Sewer (visited)
   Lair: D:8-11         Orc: D:9-12

Altars:
Elyvilon
Gozag
Nemelex Xobeh
Okawaru
Sif Muna
Trog
Xom

Shops:
D:1 =

Annotations:
D:9 Harold, Joseph


Innate Abilities, Weirdness & Mutations

You are immune to sickness and miasma.
You are immune to poison.
Your flesh is very heat resistant. (rF++)
You are vulnerable to cold. (rC-)
You float through the air rather than walking.
You learn spells naturally, not from books.
Your magical power is your life essence.
You have superior vitality. (+4 HP)


Message History

Harold is lightly wounded.
Harold is covered in liquid flames!
Harold burns!
Harold hits you with a +2 antimagic halberd!!
You are too injured to fight recklessly!
You are too injured to fight recklessly!
Unknown command.
Okay, then.
Harold burns!
Harold hits you from afar with a +2 antimagic halberd!
* * * LOW HITPOINT WARNING * * *
Harold burns!
Harold burns!
Harold casts a spell at you. A sentinel's mark forms upon you.
Harold burns!
Harold stops burning.
Press: ? - help, v - describe, . - travel
Here: Harold, wielding a +2 antimagic halberd, wearing a +0 ring mail and quivering 3 throwing nets (moderately wounded)
The floor.
Sorry, you're not good enough to have a special ability.
Unknown command.
As you read the scroll of teleportation, it crumbles to dust.
You feel strangely unstable. Harold fires a harpoon shot at you.
The harpoon shot hits you!
* * * LOW HITPOINT WARNING * * *
You are yanked forward by the harpoon shot.
Harold closely misses you.
Your surroundings suddenly seem different.
There is a stone staircase leading up here.
You start resting.
Harold is nearby!
Harold is nearby!
Harold throws a throwing net.
The throwing net hits you.
You become entangled in the net!
You stop ascending the stairs.
Unknown command.
You tear a large gash into the net.
You struggle against the net.
Harold fires a harpoon shot at you. The harpoon shot hits you!
You die...

.. ..... ..
..... .. ....
...#+#####
#.......#
#.......#
#.......#
#.@.....#
######..@.....
#.......#
#.......+
#.......#
#.......#
.....####
.....+


You could see Harold.

Vanquished Creatures
  Prince Ribbit (D:7)
  A hornet (D:7)
  A shadow (D:8)
  4 orc warriors
  A hornet zombie (D:7)
  An ice beast (D:6)
  A black bear (D:5)
  2 necrophages (D:6)
  2 phantoms
  An ogre (D:6)
  A kobold brigand (D:8)
  2 bullfrogs (Sewer)
  A gnoll sergeant (D:5)
  4 scorpions
  A water moccasin zombie (D:7)
  4 wights (D:8)
  3 howler monkeys (D:8)
  A centaur zombie (D:8)
  3 centaur skeletons
  5 hounds
  An orc priest (D:7)
  2 gnoll shamans
  A jelly (D:8)
  2 bullfrog skeletons
  8 iguanas
  8 orc wizards
  3 killer bee zombies
  A hound zombie (D:5)
  A howler monkey zombie (D:9)
  21 gnolls
  10 adders
  A white imp (D:7)
  A worm (D:4)
  13 orcs
  13 ball pythons
  10 endoplasms
  12 giant cockroaches
  5 goblins
  4 hobgoblins
  2 jackals (D:5)
  15 kobolds
  3 quokkas
  5 bats
  5 frilled lizards
  4 rats
191 creatures vanquished.

Vanquished Creatures (others)
  600 foxfires
600 creatures vanquished.

Grand Total: 791 creatures vanquished

Notes
Turn   | Place    | Note
-------+----------+-------------------------------------------
     0 | D:1      | Malachi the Djinni Fire Elementalist began the quest for
                  | the Orb.
     0 | D:1      | Reached XP level 1. HP: 15/15 MP: 0/0
     5 | D:1      | Found Yrchisoka's Jewellery Emporium.
   161 | D:1      | Found a faded altar of an unknown god.
   594 | D:1      | Reached XP level 2. HP: 17/21 MP: 0/0
  1389 | D:1      | Reached XP level 3. HP: 15/25 MP: 0/0
  1389 | D:1      | Learned a level 1 spell: Animate Skeleton
  2329 | D:2      | Reached XP level 4. HP: 29/31 MP: 0/0
  2665 | D:3      | Found an opulent altar of Gozag.
  2972 | D:3      | Found a glowing drain.
  2993 | D:3      | Reached XP level 5. HP: 16/35 MP: 0/0
  2993 | D:3      | Learned a level 2 spell: Call Imp
  3002 | Sewer    | Entered a sewer
  3673 | Sewer    | Noticed a bullfrog
  3674 | Sewer    | Noticed a bullfrog
  3675 | Sewer    | Killed a bullfrog
  3676 | Sewer    | Reached skill level 1 in Fighting
  3677 | Sewer    | Killed a bullfrog
  3678 | Sewer    | Reached XP level 6. HP: 36/42 MP: 0/0
  4146 | D:3      | Found a shimmering altar of Xom.
  5866 | D:4      | Reached XP level 7. HP: 43/47 MP: 0/0
  5866 | D:4      | Learned a level 3 spell: Dazzling Flash
  6282 | D:4      | Reached skill level 1 in Armour
  6282 | D:4      | Reached skill level 5 in Spellcasting
  6967 | D:4      | Identified a scroll of acquirement
  6967 | D:4      | Acquired 689 gold pieces
  7377 | D:4      | Reached XP level 8. HP: 49/52 MP: 0/0
  7515 | D:5      | Entered Level 5 of the Dungeon
  8797 | D:5      | Found a staircase to the Ecumenical Temple.
  9228 | D:5      | Acquired a +5 lajatang of electrocution
  9624 | D:6      | Found a sparkling altar of Nemelex Xobeh.
  9633 | D:6      | Reached skill level 1 in Staves
  9692 | D:6      | Reached skill level 2 in Staves
  9692 | D:6      | Reached XP level 9. HP: 51/57 MP: 0/0
  9692 | D:6      | Learned a level 4 spell: Animate Armour
 10080 | D:6      | Reached skill level 3 in Staves
 10685 | D:6      | Found a white marble altar of Elyvilon.
 10695 | D:6      | Reached skill level 4 in Staves
 11011 | D:6      | Reached skill level 5 in Staves
 11391 | D:7      | Reached skill level 6 in Staves
 11462 | D:7      | Noticed a hornet
 11482 | D:7      | Killed a hornet
 11483 | D:7      | Reached skill level 7 in Staves
 12186 | D:7      | Noticed Prince Ribbit
 12199 | D:7      | Killed Prince Ribbit
 12200 | D:7      | Reached XP level 10. HP: 63/63 MP: 0/0
 12390 | D:8      | Reached skill level 8 in Staves
 12525 | D:8      | Found a bloodstained altar of Trog.
 12662 | D:8      | Reached skill level 9 in Staves
 12848 | D:8      | Found an iron altar of Okawaru.
 13528 | D:9      | Noticed Joseph
 13741 | D:9      | Noticed Harold
 13773 | D:9      | Killed from afar by Harold

Illustrated notes

Levels and vault maps discovered:
D:1:      matt_arrival_grand_opening, layout_loops_ring,
          hellmonk_ecumenical_altar_leap_of_faith, serial_shops,
          nicolae_square_shop
D:2:      layout_basic, solitary_fountain, chequers_serial_rivers_room_a,
          minmay_quantized
D:3:      layout_loops_cross, mainiacjoe_overflow_alcove_4, xom_teletrap_fun,
          gup_sewer_entry_glass
D:4:      minmay_diamond_boxcup, layout_basic
D:5:      layout_rooms, minmay_temple_entry_sparse_star
D:6:      layout_gridville, mainiacjoe_overflow_small_starburst,
          mainiacjoe_overflow_six_doors_small, lemuel_blue_sif_altar
D:7:      layout_rooms, chequers_ossuary_entry_cave, uniq_prince_ribbit1
D:8:      layout_basic, overflow_temple_1_default, trog_butcher_becter
D:9:      layout_gridville, mainiacjoe_overflow_24_doors, minitemple, uniq_grum,
          uniq_harold, uniq_joseph

Skill      XL: |  1  2  3  4  5  6  7  8  9 10 |
---------------+-------------------------------+-----
Spellcasting   | 3 4 5 6 |  6.6
Stealth        | 2 3 |  3.0
Fighting       | 1 |  1.5
Dodging        | 3 4 |  4.4
Armour         | 1 2 |  2.6
Staves         | 2 7 9 |  9.3
Throwing       | |  0.6
Unarmed Combat | |  0.1

Action                   |  1- 3 |  4- 6 |  7- 9 | 10-12 || total
-------------------------+-------+-------+-------+-------++-------
Melee: Unarmed           |       |     3 |     1 |       ||     4
       Dagger            |       |       |    17 |       ||    17
       Lajatang          |       |       |   139 |    56 ||   195
Throw: Dart              |       |     9 |     2 |       ||    11
 Cast: Foxfire           |    70 |   144 |   195 |       ||   409
       Conjure Flame     |       |    15 |       |       ||    15
       Sticky Flame      |       |       |     4 |     1 ||     5
  Use: Scroll            |     1 |     2 |    15 |     4 ||    22
       Potion            |       |       |     1 |       ||     1
 Stab: Sleeping          |       |       |     2 |     1 ||     3
Armor: Robe              |     6 |     5 |       |       ||    11
       Leather armour    |       |     7 |   114 |     9 ||   130
       Skin              |       |       |    11 |       ||    11
Dodge: Dodged            |    24 |    52 |   177 |    30 ||   283
